 Dungeon Crawl Stone Soup version 0.31-a0-833-gc15d34cb79 (webtiles) character file.

Game seed: 7235686424780524028

1301 Dittersdorf the Shield-Bearer (level 8, -1/52 HPs)
             Began as a Gargoyle Fighter on Sept 25, 2023.
             Killed from afar by an orc wizard (5 damage)
             ... with a puff of flame
             ... on level 6 of the Dungeon.
             The game lasted 00:05:28 (4604 turns).

Dittersdorf the Shield-Bearer (Gargoyle Fighter)    Turns: 4604, Time: 00:05:28

Health: -1/52      AC: 18    Str: 23    XL:     8   Next: 57%
Magic:  17/17      EV:  8    Int:  8    God:
Gold:   173        SH:  0    Dex:  9    Spells: 7/7 levels left

rFire   . . .        a - +1 flail (heavy)
rCold   + . .        c - +0 buckler
rNeg    + . .        v - +0 chain mail
rPois   ∞            (no helmet)
rElec   +            (no cloak)
rCorr   .            t - +0 pair of gloves
SInv    .            u - +0 pair of boots
Will    .....        m - amulet of reflection Stlth
                     s - ring of magical power
HPRegen 0.28/turn    i - ring of protection from cold
MPRegen 0.15/turn

%: reflection
@: confused
A: sickness immunity, AC +5, negative energy resistance 1, electricity
resistance, torment resistance 1, petrification resistance
a: no special abilities


You were on level 6 of the Dungeon.
You visited 1 branch of the dungeon, and saw 6 of its levels.

You collected 173 gold pieces.

Inventory:

Hand Weapons
 a - a +1 heavy flail (weapon)
Missiles
 e - 3 curare-tipped darts (quivered)
Armour
 c - a +0 buckler (worn)
 k - a +0 crystal plate armour
 t - a +0 pair of gloves (worn)
 u - a +0 pair of boots (worn)
 v - a +0 chain mail (worn)
Magical Staves
 l - a staff of earth
Jewellery
 i - a ring of protection from cold (right hand)
 m - an amulet of reflection (around neck)
 s - a ring of magical power (left hand)
Wands
 b - a wand of flame (30)
 o - a wand of digging (9)
Scrolls
 p - a scroll of teleportation
Potions
 d - a potion of might
 f - a potion of mutation
 g - 2 potions of resistance {unknown}
 h - 2 potions of curing
 j - 2 potions of berserk rage
 n - 2 potions of degeneration {unknown}
 q - a potion of attraction {unknown}


   Skills:
 + Level 6.4 Fighting
 + Level 5.3 Maces & Flails
 + Level 6.4 Armour
 + Level 6.4 Shields


You had 7 spell levels left.
You didn't know any spells.
Your spell library contained the following spells:

 Spells                   Type           Power      Damage    Failure   Level
 Dazzling Flash           Conj/Hex       0%         N/A       100%        3
 Agony                    Necr           0%         N/A       100%        5
 Silence                  Hex/Air        0%         N/A       100%        5


Dungeon Overview and Level Annotations

Branches:
Dungeon (6/15)
 Temple: D:4-7

Altars:
Cheibriados
Elyvilon
Makhleb
Nemelex Xobeh

Shops:
D:3 *   D:4 *


Innate Abilities, Weirdness & Mutations

You are immune to sickness and miasma.
Your stone body is resilient. (AC +5)
You are immune to poison.
You resist negative energy. (rN+)
You are resistant to electric shocks. (rElec)
You are resistant to unholy torment.
You are immune to petrification.


Message History

You barely miss something.
Something hits you but does no damage. x2
You hear some strange, mumbled words.
A magic dart appears from out of thin air!
The magic dart hits you but does no damage.
You barely miss something. You block something's attack.
Something hits you but does no damage.
You hit something. Something hits you but does no damage.
You block something's attack.
You closely miss something. Something hits you.
* * * LOW HITPOINT WARNING * * *
You hear some strange, mumbled words.
A magic dart appears from out of thin air!
The magic dart hits you but does no damage.
You barely miss something.
Something hits you but does no damage. x3
You closely miss something.
Something hits you but does no damage. x2
You hear some strange, mumbled words.
Something tries to affect you, but you resist.
You closely miss something. You block something's attack.
Something hits you but does no damage.
You closely miss something.
Something hits you but does no damage. x2
You barely miss something. Something hits you but does no damage.
Something hits you. x2
* * * LOW HITPOINT WARNING * * *
You barely miss something. Something hits you.
* * * LOW HITPOINT WARNING * * *
Something hits you but does no damage.
You thump something!
An orc wizard appears from thin air!
Reactivating autopickup.
The orc wizard gestures at you while chanting.
The magic dart hits you but does no damage.
The orc wizard points at you and mumbles some strange words.
The magic dart hits you.
* * * LOW HITPOINT WARNING * * *
You closely miss the orc wizard.
The orc wizard is almost dead.
The orc wizard casts a spell at you.
You are confused.
The orc wizard casts a spell at you. The puff of flame hits you.
You die...

#.# #.#####
#.....# #####.#
#.# ##.## ##...##
#.######)....##
#....@o)........#
#..#####.....####
# ##...## ##.##
#.# .# .#


You could see an orc wizard.

Vanquished Creatures
  Pikel (D:4)
  2 water moccasins (D:6)
  A phantom (D:5)
  A bullfrog (D:6)
  4 hounds
  3 orc priests
  A jelly (D:5)
  An iguana (D:5)
  An orc wizard (D:4)
  Ijyb (D:4)
  5 adders
  A shadow imp (D:6)
  2 worms
  3 dart slugs
  17 orcs
  6 endoplasms
  2 giant cockroaches
  8 goblins
  5 hobgoblins
  7 jackals (D:1)
  10 kobolds
  6 quokkas
  10 ball pythons
  5 bats
  5 frilled lizards (D:3)
  5 rats
113 creatures vanquished.

Notes
Turn   | Place    | Note
-------+----------+-------------------------------------------
     0 | D:1      | Dittersdorf the Gargoyle Fighter began the quest for the
                  | Orb.
     0 | D:1      | Reached XP level 1. HP: 14/14 MP: 1/1
   234 | D:1      | Reached XP level 2. HP: 16/19 MP: 2/2
   517 | D:1      | Reached XP level 3. HP: 23/23 MP: 3/3
  1721 | D:3      | Reached XP level 4. HP: 29/29 MP: 4/4
  2115 | D:3      | Found a sparkling altar of Nemelex Xobeh.
  2319 | D:3      | Reached XP level 5. HP: 29/33 MP: 5/5
  2805 | D:3      | Found Wiseogra's General Store.
  2871 | D:4      | Found Loyfuucim's General Store.
  3105 | D:4      | Noticed Pikel
  3109 | D:4      | Noticed a lemure
  3114 | D:4      | Noticed a lemure
  3115 | D:4      | Noticed a lemure
  3119 | D:4      | Noticed a lemure
  3133 | D:4      | Killed Pikel
  3134 | D:4      | Reached skill level 5 in Fighting
  3134 | D:4      | Reached skill level 5 in Armour
  3134 | D:4      | Reached skill level 5 in Shields
  3134 | D:4      | Reached XP level 6. HP: 5/40 MP: 6/6
  3134 | D:4      | Reached XP level 7. HP: 5/44 MP: 7/7
  3354 | D:4      | Noticed Ijyb
  3366 | D:4      | Killed Ijyb
  3741 | D:5      | Entered Level 5 of the Dungeon
  3749 | D:5      | Found a snail-covered altar of Cheibriados.
  3796 | D:5      | Found a burning altar of Makhleb.
  3939 | D:5      | Found a white marble altar of Elyvilon.
  3942 | D:5      | Reached XP level 8. HP: 51/51 MP: 8/8
  4523 | D:6      | Reached skill level 5 in Maces & Flails
  4604 | D:6      | Killed from afar by an orc wizard

Illustrated notes

Levels and vault maps discovered:
D:1:      dpeg_arrival_fog, layout_loops_ring
D:2:      layout_basic, nicolae_houndstooth_variations
D:3:      layout_basic, mainiacjoe_overflow_cross_hatched, serial_shops,
          nicolae_shop_behind_doors, lexackson_kobold_supper
D:4:      layout_rooms, serial_shops, shop, eino_tiny_chamber, uniq_ijyb,
          uniq_pikel
D:5:      layout_cave_pods, amcnicky_altar_gilded,
          nicolae_overflow_crystal_walls,
          mainiacjoe_overflow_concentric_impassable
D:6:      layout_loops_ring, mainiacjoe_overflow_paths,
          nicolae_overflow_hidden_temple, minmay_temple_entry_mist

Skill      XL: |  1  2  3  4  5  6  7  8 |
---------------+-------------------------+-----
Fighting       | 4 5 6 |  6.4
Armour         | 4 5 6 |  6.4
Shields        | 4 5 6 |  6.4
Maces & Flails | 3 4 5 |  5.3

Action                     |  1- 3 |  4- 6 |  7- 9 || total
---------------------------+-------+-------+-------++-------
  Melee: Flail             |    86 |   143 |    65 ||   294
         Whip              |       |       |    78 ||    78
  Throw: Dart              |       |     6 |       ||     6
    Use: Scroll            |       |     8 |     3 ||    11
 Armour: Scale mail        |    59 |    31 |       ||    90
         Chain mail        |       |    58 |   123 ||   181
  Dodge: Dodged            |    32 |    55 |    36 ||   123
  Block: Buckler           |    25 |    63 |    69 ||   157
         Reflection        |       |     2 |       ||     2

Table legend: (Time is in decaauts)
 A = Elapsed time spent in this place.
 B = Non-inter-level travel time spent in this place.
 C = Inter-level travel time spent in this place.
 D = Time resting spent in this place.
 E = Time spent auto-exploring this place.
 F = Levels seen in this place.
 G = Mean time per level.
                   A        B        C        D        E       F      G
               +--------+--------+--------+--------+--------+-----+--------+
         Total |   4711 |   4590 |    121 |    240 |   3433 |   6 |  785.2 |
       Dungeon |   4711 |   4590 |    121 |    240 |   3433 |   6 |  785.2 |
               +--------+--------+--------+--------+--------+-----+--------+

Top non-repeatable levels by time:
     D:3: 1219 daAuts
     D:2: 999 daAuts
     D:4: 833 daAuts
     D:5: 790 daAuts
     D:1: 749 daAuts
     D:6: 120 daAuts
